 Dungeon Crawl Stone Soup version 0.24.0-37-gcf1ca852f1 (webtiles) character file.

Game seed: 10566110320599980148, levelgen mode: deterministic

1767 FishyPogo the Charmwright (level 9, -2/69 HPs)
             Began as a Gnoll Skald on Dec 7, 2019.
             Was a Plaything of Xom.
             Slain by a bullfrog skeleton (4 damage)
             ... on level 7 of the Dungeon.
             The game lasted 00:17:21 (5195 turns).

FishyPogo the Charmwright (Gnoll Skald)             Turns: 5195, Time: 00:17:21

Health: -2/69      AC:  6    Str: 19    XL:     9   Next: 7%
Magic:  12/18      EV: 16    Int: 17    God:    Xom [..*...]
Gold:   290        SH:  0    Dex: 16    Spells: 9/20 levels left

rFire    . . .     SeeInvis .   a - +2 whip (venom)
rCold    . . .     Gourm    .   (no shield)
rNeg     . . .     Faith    .   B - +0 leather armour
rPois    +         Spirit   .   (helmet restricted)
rElec    .         Reflect  .   (no cloak)
rCorr    +         Harm     .   (no gloves)
MR       +....                  l - +0 pair of boots
Stlth    ++........             z - amulet of the acrobat
HPRegen  0.21/turn              n - ring of resist corrosion
MPRegen  0.16/turn              A - ring of protection from magic

@: mighty, marked
A: distributed training, claws 1, fangs 1, horns 2, slimy green scales 1, poison
resistance, screaming 1, strong nose
a: Renounce Religion


You were on level 7 of the Dungeon.
You worshipped Xom.
You were a toy of Xom.
You were not hungry.

You visited 1 branch of the dungeon, and saw 7 of its levels.

You collected 290 gold pieces.

Inventory:

Hand Weapons
 a - a +2 whip of venom (weapon)
 b - a +2 whip of pain
Missiles
 i - 162 stones
 k - 22 poisoned darts (quivered)
 u - 4 boomerangs
 x - 5 curare-tipped darts
Armour
 l - a +0 pair of boots (worn)
 B - a +0 leather armour (worn)
Jewellery
 j - an uncursed ring of fire
 n - a ring of resist corrosion (left claw)
 z - an amulet of the acrobat (around neck)
 A - a ring of protection from magic (right claw)
Wands
 o - a wand of random effects (38)
 y - a wand of digging (5)
Scrolls
 e - 3 scrolls of teleportation {unknown}
 g - 2 scrolls of immolation {unknown}
 h - a scroll of random uselessness {unknown}
 m - a scroll of fog {unknown}
 q - 5 scrolls of identify {unknown}
 r - 2 scrolls of fear {unknown}
 s - 2 scrolls of magic mapping {unknown}
 t - 5 scrolls of remove curse
 w - 2 scrolls of noise {unknown}
 D - a scroll of enchant weapon {unknown}
Potions
 c - a potion of ambrosia {unknown}
 p - a potion of berserk rage {unknown}
 v - 2 potions of brilliance {unknown}
Comestibles
 d - 11 rations
 f - 2 chunks of flesh


   Skills:
 + Level 6.0 Fighting
 + Level 3.8 Short Blades
 + Level 6.0 Long Blades
 + Level 3.8 Axes
 + Level 3.8 Maces & Flails
 + Level 3.8 Polearms
 + Level 3.8 Staves
 + Level 3.8 Slings
 + Level 3.8 Bows
 + Level 3.8 Crossbows
 + Level 3.8 Throwing
 + Level 4.6 Armour
 + Level 6.0 Dodging
 + Level 3.8 Stealth
 + Level 3.8 Shields
 + Level 3.8 Unarmed Combat
 + Level 6.3 Spellcasting
 + Level 3.1 Conjurations
 + Level 3.1 Hexes
 + Level 6.3 Charms
 + Level 3.1 Summonings
 + Level 3.1 Necromancy
 + Level 3.1 Translocations
 + Level 3.1 Transmutations
 + Level 3.1 Fire Magic
 + Level 3.1 Ice Magic
 + Level 3.1 Air Magic
 + Level 3.1 Earth Magic
 + Level 3.1 Poison Magic
 + Level 4.1 Invocations
 + Level 3.8 Evocations


You had 9 spell levels left.
You knew the following spells:

 Your Spells              Type           Power        Failure   Level  Hunger
h - Regeneration          Chrm/Necr      ###.......   6%          3    ##.....
n - Spectral Weapon       Hex/Chrm       ###.....     6%          3    ##.....
p - Shroud of Golubria    Chrm/Tloc      ###...       3%          2    None
u - Song of Slaying       Chrm           ####....     1%          2    None
y - Infusion              Chrm           ####         1%          1    None

Your spell library contained the following spells:

 Spells                   Type           Power        Failure   Level  Hunger


Dungeon Overview and Level Annotations

Branches:
Dungeon (7/15)             Temple (0/1) D:7

Altars:
Ashenzari
Makhleb
Okawaru
Qazlal
Sif Muna
Xom
The Shining One

Annotations:
D:7 Harold


Innate Abilities, Weirdness & Mutations

Your experience applies equally to all skills.
You have very sharp teeth.
Your uncanny sense of smell can sniff out nearby items.
You have sharp fingernails.
You have a pair of horns on your head.
You are partially covered in slimy green scales. (AC +2)
Your system is resistant to poisons. (rPois)
You occasionally shout uncontrollably at your foes.


Message History

Harold completely misses you.
Unknown command.
You hit Harold.
Harold looks as sick as possible!
Harold is almost dead.
Your spectral weapon hits Harold.
The bullfrog skeleton closely misses you.
The bullfrog skeleton hits you.
* * * LOW HITPOINT WARNING * * *
Unknown command.
You hit Harold but do no damage.
Harold looks as sick as possible!
Harold is almost dead.
Your spectral weapon barely misses Harold.
Harold hits you with a +0 trident!
* * * LOW HITPOINT WARNING * * *
The bullfrog skeleton barely misses you.
Unknown command.
You feel very mighty all of a sudden. Harold casts a spell at you.
The mark upon you grows brighter. The bullfrog skeleton hits you.
You die...

#+##
##...##
##@....##
#(@.....#
#..Z......#
+......>..+
#.........#
##.......##
##.....##
##..$##
#+##


You could see Harold, a bullfrog skeleton and a friendly spectral +2 whip of
venom.

Vanquished Creatures
  Grinder (D:3)
  An orc warrior (D:6)
  A phantom (D:5)
  An ice beast (D:7)
  A centaur (D:6)
  2 ogres (D:6)
  Blork the orc (D:6)
  2 bullfrogs
  2 scorpions (D:6)
  A water moccasin skeleton (D:6)
  A crimson imp (D:6)
  A bullfrog zombie (D:6)
  An orc priest (D:4)
  An orc wizard (D:4)
  An iguana (D:7)
  9 worker ants
  A hound zombie (D:5)
  2 hound skeletons (D:6)
  A howler monkey zombie (D:6)
  3 worker ant zombies
  A gnoll (D:6)
  10 adders
  2 shadow imps
  3 worms
  5 dart slugs
  4 leopard geckos
  14 orcs
  2 bats (D:3)
  3 giant cockroaches
  6 hobgoblins
  11 jackals
  3 quokkas
  2 ball pythons
  6 frilled lizards
  3 kobolds (D:2)
  2 leopard gecko skeletons (D:4)
  A quokka zombie (D:6)
  2 rats
  2 butterflies (D:2)
116 creatures vanquished.

Vanquished Creatures (collateral kills)
  A crimson imp (D:6)
  An orc priest (D:6)
  A bullfrog skeleton (D:6)
3 creatures vanquished.

Vanquished Creatures (others)
  A hound (D:6)
  An orc wizard (D:6)
  3 gnolls (D:6)
  An orc (D:6)
  A spectral weapon (D:7)
  2 withered plants (D:6)
9 creatures vanquished.

Grand Total: 128 creatures vanquished

Notes
Turn   | Place    | Note
-------+----------+-------------------------------------------
     0 | D:1      | FishyPogo the Gnoll Skald began the quest for the Orb.
     0 | D:1      | Reached XP level 1. HP: 20/20 MP: 6/6
   220 | D:1      | Reached XP level 2. HP: 26/26 MP: 7/7
   241 | D:1      | Learned a level 2 spell: Song of Slaying
   255 | D:1      | Learned a level 2 spell: Shroud of Golubria
   944 | D:2      | Found a shimmering altar of Xom.
   975 | D:2      | Became a worshipper of Xom of Chaos
  1055 | D:2      | Reached skill level 5 in Spellcasting
  1055 | D:2      | Reached XP level 3. HP: 22/31 MP: 7/9
  1060 | D:2      | Learned a level 3 spell: Regeneration
  1065 | D:2      | Learned a level 3 spell: Spectral Weapon
  1103 | D:2      | Reached skill level 1 in Invocations
  1145 | D:2      | XOM: harmless Fire miscast
  1157 | D:2      | Reached skill level 1 in Short Blades
  1157 | D:2      | Reached skill level 1 in Axes
  1157 | D:2      | Reached skill level 1 in Maces & Flails
  1157 | D:2      | Reached skill level 1 in Polearms
  1157 | D:2      | Reached skill level 1 in Staves
  1157 | D:2      | Reached skill level 1 in Slings
  1157 | D:2      | Reached skill level 1 in Bows
  1157 | D:2      | Reached skill level 1 in Crossbows
  1157 | D:2      | Reached skill level 1 in Throwing
  1157 | D:2      | Reached skill level 1 in Stealth
  1157 | D:2      | Reached skill level 1 in Shields
  1157 | D:2      | Reached skill level 1 in Unarmed Combat
  1157 | D:2      | Reached skill level 1 in Evocations
  1157 | D:2      | Reached XP level 4. HP: 20/38 MP: 4/11
  1616 | D:2      | XOM: harmless Hex miscast
  1700 | D:3      | Reached skill level 1 in Conjurations
  1700 | D:3      | Reached skill level 1 in Hexes
  1700 | D:3      | Reached skill level 1 in Summonings
  1700 | D:3      | Reached skill level 1 in Necromancy
  1700 | D:3      | Reached skill level 1 in Translocations
  1700 | D:3      | Reached skill level 1 in Transmutations
  1700 | D:3      | Reached skill level 1 in Fire Magic
  1700 | D:3      | Reached skill level 1 in Ice Magic
  1700 | D:3      | Reached skill level 1 in Air Magic
  1700 | D:3      | Reached skill level 1 in Earth Magic
  1700 | D:3      | Reached skill level 1 in Poison Magic
  1844 | D:3      | Reached XP level 5. HP: 43/43 MP: 12/12
  1907 | D:3      | Found a burning altar of Makhleb.
  2174 | D:3      | Noticed Grinder
  2175 | D:3      | XOM: noise
  2203 | D:3      | Paralysed by Grinder for 5 turns
  2209 | D:3      | XOM: divination: detect items
  2216 | D:3      | HP: 2/43 [Grinder (4)]
  2219 | D:3      | XOM: summons friendly shadow imp
  2223 | D:3      | Gained mutation: You have a pair of small horns on your
                  | head. [potion of mutation]
  2223 | D:3      | Gained mutation: You are partially covered in slimy green
                  | scales. (AC +2) [potion of mutation]
  2223 | D:3      | Gained mutation: You occasionally shout uncontrollably at
                  | your foes. [potion of mutation]
  2223 | D:3      | Gained mutation: You have sharp fingernails. [potion of
                  | mutation]
  2233 | D:3      | XOM: enchant monster (bad)
  2253 | D:3      | HP: 2/43 [Grinder (1)]
  2255 | D:3      | Killed Grinder
  2255 | D:3      | Reached skill level 5 in Fighting
  2255 | D:3      | Reached skill level 5 in Long Blades
  2255 | D:3      | Reached skill level 5 in Dodging
  2255 | D:3      | Reached XP level 6. HP: 5/51 MP: 2/14
  2919 | D:4      | XOM: butterfly on damage
  2925 | D:4      | Reached XP level 7. HP: 16/56 MP: 12/15
  3024 | D:4      | XOM: fog
  3099 | D:4      | Found a stormy altar of Qazlal.
  3100 | D:4      | Found an iron altar of Okawaru.
  3311 | D:4      | Found a shattered altar of Ashenzari.
  3380 | D:5      | Entered Level 5 of the Dungeon
  3527 | D:5      | XOM: enchant monster (good)
  3641 | D:5      | XOM: enchant monster (good)
  3751 | D:5      | Found a glowing golden altar of the Shining One.
  3910 | D:5      | XOM: scenery: 1 doors open
  3914 | D:5      | XOM: divination: detect creatures
  3921 | D:5      | XOM: give mutations
  3921 | D:5      | Gained mutation: Your system is resistant to poisons.
                  | (rPois) [Xom's grace]
  3921 | D:5      | Gained mutation: You have a pair of horns on your head.
                  | [Xom's grace]
  4158 | D:6      | XOM: confuse monster(s)
  4255 | D:6      | Reached XP level 8. HP: 43/63 MP: 12/16
  4354 | D:6      | XOM: fog
  4355 | D:6      | XOM: divine lightning
  4436 | D:6      | XOM: destruction
  4438 | D:6      | XOM: summons 5 friendly demons
  4642 | D:6      | XOM: scenery: create altars
  4728 | D:6      | Noticed Blork the orc
  4735 | D:6      | Found a shimmering blue altar of Sif Muna.
  4739 | D:6      | Killed Blork the orc
  5035 | D:7      | XOM: fog
  5077 | D:7      | Reached XP level 9. HP: 57/69 MP: 9/18
  5086 | D:7      | XOM: silly message
  5105 | D:7      | Found a staircase to the Ecumenical Temple.
  5178 | D:7      | XOM: 4-stop teleportation journey
  5179 | D:7      | Noticed Harold
  5194 | D:7      | HP: 2/69 [Harold/+0 trident (16)]
  5195 | D:7      | Slain by a bullfrog skeleton

Levels and vault maps discovered:
D:1:      grunt_arrival_crossed_arrows, layout_basic, serial_bayou_pond_c
D:2:      lemuel_upstairs_altar, layout_loops_cross, xom_butterflies
D:3:      layout_basic, lemuel_doored_altar, first_ration,
          minmay_misc_feat_roman, uniq_grinder
D:4:      layout_loops_corners, lemuel_crystal_altar,
          gammafunk_temple_overflow_pools
D:5:      layout_gridville, tso_oasis_becter
D:6:      layout_loops_ring, tgw_sif, serial_undead, serial_undead_e,
          serial_undead_a, serial_undead_c, serial_undead_e,
          serial_park_tiny_pond, minmay_circle_x
D:7:      cheibrodos_quashed, layout_loops_corners, kennysheep_little_box,
          temple_statues, ebering_ghost_disaster_area, grunt_livestock,
          uniq_harold

Skill      XL: |  1  2  3  4  5  6  7  8  9 |
---------------+----------------------------+-----
Spellcasting   | 5 6 |  6.3
Invocations    | 1 2 3 4 |  4.1
Short Blades   | 1 2 3 |  3.8
Axes           | 1 2 3 |  3.8
Maces & Flails | 1 2 3 |  3.8
Polearms       | 1 2 3 |  3.8
Staves         | 1 2 3 |  3.8
Slings         | 1 2 3 |  3.8
Bows           | 1 2 3 |  3.8
Crossbows      | 1 2 3 |  3.8
Throwing       | 1 2 3 |  3.8
Stealth        | 1 2 3 |  3.8
Shields        | 1 2 3 |  3.8
Unarmed Combat | 1 2 3 |  3.8
Evocations     | 1 2 3 |  3.8
Conjurations   | 1 2 3 |  3.1
Hexes          | 1 2 3 |  3.1
Summonings     | 1 2 3 |  3.1
Necromancy     | 1 2 3 |  3.1
Translocations | 1 2 3 |  3.1
Transmutations | 1 2 3 |  3.1
Fire Magic     | 1 2 3 |  3.1
Ice Magic      | 1 2 3 |  3.1
Air Magic      | 1 2 3 |  3.1
Earth Magic    | 1 2 3 |  3.1
Poison Magic   | 1 2 3 |  3.1
Fighting       | 5 6 |  6.0
Long Blades    | 5 6 |  6.0
Armour         | 3 4 |  4.6
Dodging        | 5 6 |  6.0
Charms         | 6 |  6.3

Action                   |  1- 3 |  4- 6 |  7- 9 || total
-------------------------+-------+-------+-------++-------
Melee: Falchion          |    66 |    40 |       ||   106
       Bite              |     8 |    22 |    34 ||    64
       Whip              |       |    97 |   175 ||   272
       Headbutt          |       |     8 |    48 ||    56
       Punch             |       |     1 |     4 ||     5
Throw: Dart              |       |     2 |       ||     2
       Stone             |       |     1 |       ||     1
 Cast: Shroud of Golubri |     3 |     8 |     5 ||    16
       Song of Slaying   |     2 |     4 |     3 ||     9
       Regeneration      |     1 |     6 |     3 ||    10
       Infusion          |     1 |     1 |     1 ||     3
       Spectral Weapon   |       |    12 |    18 ||    30
Evoke: Wand              |       |     1 |       ||     1
  Use: Potion            |       |     5 |     2 ||     7
       Scroll            |       |     1 |     1 ||     2
 Stab: Sleeping          |     2 |     1 |     1 ||     4
       Distracted        |       |     1 |     2 ||     3
       Paralysed         |       |       |     2 ||     2
       Confused          |       |       |     1 ||     1
  Eat: Chunk             |     1 |     7 |     5 ||    13
       Ration            |       |       |     1 ||     1
Armor: Leather armour    |     5 |    42 |    26 ||    73
       Skin              |       |     2 |       ||     2
Dodge: Dodged            |    46 |    98 |   134 ||   278
       Rpst.: Falchion   |    14 |     3 |       ||    17
